AoeStats
← limu1168

Arena

504760724Analyzed
1v1 RM · 26d ago on Sep 6, 2026· 64m 12s· 2 players
Game mode
Random Map
Map size
Tiny (2 player)
Population
200
Speed
Normal
Resources
Standard
Victory
Conquest
Starting age
Dark Age
Ending age
Imperial Age
RankedLock teamsTeams togetherTeam positionsShared explorationLock speedFull tech treeHidden civsTurbo modeCheats
Victory
Defeat
🇬🇧 Georgians · United Kingdom
212
+18
🇨🇳 Turks · China
258
-18
That_Rat_Bastrd
8:32 Loom
11:43 Feudal Age
12:23 Double-Bit Axe
12:20 Horse Collar
13:20 Wheelbarrow
13:06 Gold Mining
17:43 Scale Barding Armor
17:50 Forging
17:31 Fletching
17:42 Padded Archer Armor
18:25 Town Watch
18:42 Stone Mining
22:52 Castle Age
23:07 Bloodlines
23:07 Scale Barding Armor
23:13 Forging
22:53 Fletching
24:02 Hand Cart
24:19 Heavy Plow
25:07 Husbandry
27:51 Iron Casting
28:16 Bow Saw
28:41 Stone Shaft Mining
30:21 Town Patrol
36:03 Imperial Age
36:27 Cavalier
39:25 Chain Barding Armor
41:28 Parthian Tactics
44:17 Plate Barding Armor
44:43 Blast Furnace
47:33 Ballistics
46:53 Heavy Cavalry Archer
51:25 Svan Towers
51:27 Aznauri Cavalry
51:43 Masonry
51:42 Siege Engineers
51:38 Murder Holes
51:54 Fortified Wall
52:53 Chemistry
51:38 Elite Monaspa
54:54 Architecture
54:21 Fletching
54:32 Padded Archer Armor
57:31 Elite Skirmisher
60:56 Pikeman
61:38 Squires
61:24 Arson
62:23 Conscription
62:08 Halberdier
63:23 Scale Mail Armor
63:19 Bodkin Arrow
limu1168
12:27 Feudal Age
21:09 Castle Age
25:51 Wheelbarrow
27:56 Hand Cart
32:39 Imperial Age
34:10 Squires
37:59 Arson
38:23 Scale Barding Armor
38:19 Padded Archer Armor
38:30 Forging
38:21 Scale Mail Armor
38:12 Fletching
46:50 Heavy Scorpion
52:05 Ballistics
59:01 Bloodlines
Connection lost

Rejoining the realm…

Still unreachable

The connection could not be restored.

Session expired

The server has moved on; the page needs a fresh start.